[Event "Live Chess"]
[Site "Chess.com"]
[Date "2018.01.08"]
[Round "?"]
[White "franlormiel"]
[Black "Arugamama"]
[Result "0-1"]
[BlackElo "1844"]
[ECO "D53"]
[Opening "QGD"]
[Variation "4.Bg5 Be7 5.e3"]
[WhiteElo "1709"]
[TimeControl "1800"]
[Termination "normal"]
[PlyCount "70"]
[WhiteType "human"]
[BlackType "human"]

1. d4 d5 2. c4 e6 3. Nc3 Nf6 4. Bg5 Be7 5. e3 a6 6. Nf3 Nbd7 7. Bd3 c6 (7.
.. dxc4 8. Bxc4 b5 9. Bb3 Bb7 10. O-O c5 11. a3 O-O 12. Qe2) 8. O-O O-O 9.
c5 b5 10. b4 a5 11. a3 Re8 12. Qe2 Qc7 13. Bf4 Qa7 14. Ra2 Nf8 (14. .. Ba6
15. Rc2 a4) 15. Ne5 Qb7 16. e4 (16. a4 axb4 17. axb5 Bd7 18. bxc6 Bxc6 19.
Ba6 Qc7 20. Nb5 Bxb5 21. Bxb5 Rec8 22. Ba6 Re8 23. Nd3 Qd7 24. Nxb4) 16. ..
Ng6 17. Bg3 (17. Nxg6 fxg6 18. e5 Nd7 19. Rfa1 axb4 20. axb4 Rxa2 21. Rxa2)
17. .. Nxe5 18. Bxe5 dxe4 19. Nxe4 Nd5 20. Qh5 g6 21. Qh6 Bf8 22. Qh4 Bg7
23. Ng5 h6 24. Ne4 Qe7 25. Qg3 Bxe5 (25. .. axb4 26. Rfa1 Nc3 27. Nxc3 bxc3
28. Be4 Bxe5 29. dxe5 Bb7 (29. .. Qxc5 30. Bxg6 fxg6 31. Qxg6+ Kf8 32.
Qxh6+ Kg8 33. Qg6+)) 26. dxe5 axb4 27. Nd6 Rf8 28. Be4 Bd7 (28. .. Nc3 29.
Rd2 Rxa3 (29. .. Nxe4 30. Nxe4 bxa3 31. Nf6+ Kg7 32. Rd3 a2 33. Qh4 Rd8
(33. .. a1=Q 34. Qxh6+ Kxh6 35. Rh3+ Kg5 36. f4+ Kf5 37. g4#))) 29. Rfa1
Nc3 30. Qe3 Nxe4 (30. .. f5 31. Bc2 Nxa2 32. Rxa2 Qg5 33. f4 Qg4 34. h3
Qh4) (30. .. Nxa2 31. Rxa2 f5 32. Bb1 Qg5 33. f4 Qg4 34. Rf2 bxa3 35. Ba2
g5 36. Qd3 gxf4 37. Nxb5 cxb5 38. Qxd7 Rad8 39. Qxe6+ Kh7) (30. .. Nxa2 31.
Rxa2 f5 32. Bb1 Rxa3 33. Rxa3 bxa3 34. Qxa3 Qh4 35. g3 (35. Qa7 Qa4 36.
Qxa4 bxa4) 35. .. Qa4) 31. Nxe4 Kg7 32. axb4 Rxa2 33. Rxa2 f5 (33. .. Bc8
34. h3 Qd7 35. Rd2 Qa7 36. Qf4 g5 37. Nxg5 f5 (37. .. hxg5 38. Qxg5+ Kh7
39. Rd3) 38. Nf3 Qf7) 34. Nd6 (34. exf6+ Rxf6 35. Nxf6 Qxf6 36. Ra7 Qe7 37.
Qd2) 34. .. Qg5 35. Qf3 Qc1+ 0-1